 Dungeon Crawl Stone Soup version 0.31.0-12-g77e489cdc1 (webtiles) character file.

Game seed: 14249888478293981057

632 Arctor the Magician (level 7, -2/36 HPs)
             Began as a Deep Elf Fire Elementalist on Feb 13, 2024.
             Slain by a sleepcap (5 damage)
             ... on level 5 of the Dungeon.
             The game lasted 00:07:20 (6723 turns).

Arctor the Magician (Deep Elf Fire Elementalist)    Turns: 6723, Time: 00:07:22

Health: -2/36      AC:  3    Str:  5    XL:     7   Next: 24%
Magic:  6/17       EV: 14    Int: 22    God:
Gold:   254        SH:  0    Dex: 15    Spells: 13/16 levels left

rFire   . . .        s - +1 dagger (speed)
rCold   . . .        (no shield)
rNeg    . . .        a - +0 robe
rPois   .            t - +0 helmet
rElec   .            (no cloak)
rCorr   .            (no gloves)
SInv    .            (no boots)
Will    .....        (no amulet)
Stlth   +++          (no ring)
HPRegen 0.26/turn    (no ring)
MPRegen 0.15/turn

%: no passive effects
@: no status effects
A: no striking features
a: no special abilities


You were on level 5 of the Dungeon.
You visited 1 branch of the dungeon, and saw 5 of its levels.

You collected 254 gold pieces.

Inventory:

Hand Weapons
 s - a +1 dagger of speed (weapon)
 v - a +0 orcbow
Missiles
 q - a throwing net
Armour
 a - a +0 robe (worn)
 t - a +0 helmet (worn)
Magical Staves
 c - a staff of conjuration
Scrolls
 e - a scroll of poison
 g - 2 scrolls of enchant weapon
 i - 3 scrolls of teleportation
 l - a scroll of identify
 n - a scroll of enchant armour {unknown}
 o - a scroll of fog {unknown}
 p - a scroll of vulnerability {unknown}
Potions
 b - a potion of magic
 d - 2 potions of cancellation {unknown}
 f - a potion of enlightenment {unknown}
 h - 3 potions of lignification {unknown}
 j - a potion of attraction {unknown}
 k - a potion of might {unknown}
 m - a potion of heal wounds {unknown}
 r - a potion of haste {unknown}
 u - a potion of curing {unknown}


   Skills:
 + Level 4.8 Dodging
 + Level 5.1 Stealth
 + Level 5.4 Spellcasting
 + Level 3.9 Conjurations
 + Level 5.0 Fire Magic


You had 13 spell levels left.
You knew the following spells:

 Your Spells              Type           Power      Damage    Failure   Level
a - Foxfire               Conj/Fire      100%       2x1d9     1%          1
b - Scorch                Fire           56%        2d7       1%          2

Your spell library contained the following spells:

 Spells                   Type           Power      Damage    Failure   Level
 Inner Flame              Hex/Fire       17%        N/A       11%         3
 Volatile Blastmotes      Fire/Tloc      34%        2d12      11%         3
 Flame Wave               Conj/Fire      25%        2d8       16%         4
 Starburst                Conj/Fire      12%        6d5       93%         6
 Plasma Beam              Fire/Air       8%         2x1d19    99%         6


Dungeon Overview and Level Annotations

Branches:
Dungeon (5/15)
 Temple: D:4-7

Altars:
Fedhas
Kikubaaqudgha
Uskayaw
Yredelemnul
The Shining One

Annotations:
D:3 3 runed translucent doors, Silvore's ghost, weakling DsFi


Message History

The orc is almost dead.
The orc's fire resistance burns away.
The foxfire hits the sleepcap but does no damage.
The foxfire hits the orc!
The orc is burned terribly!
You kill the orc!
An orc priest comes into view. It is wielding a +0 club.
A sleepcap comes into view.
You conjure some foxfire!
The sleepcap closely misses you.
The foxfire hits the white imp but does no damage.
Casting: Foxfire (safe; 1% risk of failure)
Confirm with . or Enter, or press ? or * to list all spells.
Flames lash the water moccasin.
The water moccasin is lightly wounded.
The water moccasin's fire resistance burns away.
The foxfire hits the white imp but does no damage.
The sleepcap misses you.
Casting: Scorch (safe; 1% risk of failure)
Confirm with . or Enter, or press ? or * to list all spells.
Flames lash the sleepcap but do no damage.
The water moccasin bites you. The sleepcap releases spores at you.
The white imp gestures at you. The puff of frost hits you.
There is not enough space to conjure foxfire!
Unknown command.
There is not enough space to conjure foxfire!
Casting: Foxfire (safe; 1% risk of failure)
Confirm with . or Enter, or press ? or * to list all spells.
Flames lash the orc priest.
The orc priest is moderately wounded.
The orc priest's fire resistance burns away.
The water moccasin bites you. The white imp hits you.
The white imp freezes you. The sleepcap misses you.
The water moccasin is no longer more vulnerable to fire.
The water moccasin bites you but does no damage.
The water moccasin barely misses you.
The orc priest invokes the aid of Beogh against you.
Beogh smites you!
* * * LOW HITPOINT WARNING * * *
The sleepcap releases spores at you.
You die...

#...?$#
#.....###
....!....
.......#
#......##
#.of.....
#f5......
#@Soo.)..
######...


You could see a water moccasin, 2 sleepcaps, 2 orc priests, a white imp and an
orc.

Vanquished Creatures
  Grinder (D:3)
  A howler monkey (D:3)
  A hound (D:4)
  2 bombardier beetles (D:4)
  A sleepcap (D:4)
  Terence (D:2)
  Natasha (thrice) (D:3)
  2 adders
  4 gnolls (D:3)
  2 ribbon worms
  5 dart slugs
  8 orcs
  6 ball pythons
  5 bats
  6 endoplasms
  3 giant cockroaches
  11 goblins
  8 hobgoblins
  9 jackals
  6 kobolds
  4 frilled lizards
  A goblin skeleton (D:4)
  2 goblin zombies (D:4)
  3 hobgoblin zombies (D:4)
  An orc skeleton (D:4)
  2 orc zombies (D:4)
  6 rats
104 creatures vanquished.

Vanquished Creatures (collateral kills)
  2 foxfires (D:3)
2 creatures vanquished.

Vanquished Creatures (others)
  659 foxfires
659 creatures vanquished.

Grand Total: 765 creatures vanquished

Notes
Turn   | Place    | Note
-------+----------+-------------------------------------------
     0 | D:1      | Arctor the Deep Elf Fire Elementalist began the quest for
                  | the Orb.
     0 | D:1      | Reached XP level 1. HP: 10/10 MP: 6/6
    94 | D:1      | Reached XP level 2. HP: 13/15 MP: 0/8
   773 | D:1      | Reached XP level 3. HP: 19/19 MP: 4/9
   773 | D:1      | Identified a scroll of acquirement
   773 | D:1      | Acquired a staff of conjuration
  1031 | D:1      | Learned a level 2 spell: Scorch
  2040 | D:2      | Noticed Terence
  2049 | D:2      | Killed Terence
  2050 | D:2      | Reached XP level 4. HP: 24/24 MP: 1/11
  3523 | D:3      | Noticed Natasha
  3524 | D:3      | Reached XP level 5. HP: 28/28 MP: 7/13
  3530 | D:3      | Killed Natasha
  3995 | D:3      | Found an ancient bone altar of Kikubaaqudgha.
  3996 | D:3      | Noticed Natasha
  3999 | D:3      | Killed Natasha
  4050 | D:3      | Found a blossoming altar of Fedhas.
  4141 | D:3      | Noticed Natasha
  4149 | D:3      | Killed Natasha
  4150 | D:3      | Reached XP level 6. HP: 31/32 MP: 8/14
  4228 | D:3      | Found a runed translucent gate.
  4236 | D:3      | Found a runed translucent gate.
  4244 | D:3      | Found a runed translucent gate.
  4655 | D:3      | Noticed Grinder
  4659 | D:3      | Paralysed by Grinder for 2 turns
  4669 | D:3      | Killed Grinder
  4670 | D:3      | Reached skill level 5 in Spellcasting
  4794 | D:3      | Noticed Silvore's ghost (weakling DsFi)
  5069 | D:4      | Reached XP level 7. HP: 27/36 MP: 6/16
  5237 | D:4      | Identified the +1 scale mail of Dim Light {rPois Will+
                  | Str+6 Stlth-}
  5432 | D:4      | Found a basalt altar of Yredelemnul.
  5482 | D:4      | Reached skill level 5 in Stealth
  5482 | D:4      | Reached skill level 5 in Fire Magic
  5594 | D:4      | Found a glowing golden altar of the Shining One.
  6309 | D:4      | Found a hide-covered altar of Uskayaw.
  6714 | D:5      | Entered Level 5 of the Dungeon
  6723 | D:5      | Slain by a sleepcap

Illustrated notes

Levels and vault maps discovered:
D:1:      elethiomel_arrival_infinity_welcomes_careful_drivers,
          layout_loops_ring, chequers_serial_rivers_room_a,
          corexii_hall_statues_l
D:2:      layout_basic, uniq_terence
D:3:      minmay_spotlight, layout_basic,
          grunt_temple_overflow_growth_and_decay, ebering_ghost_rock_garden,
          uniq_grinder, uniq_natasha
D:4:      layout_cave_pools, nicolae_tso_besieged_by_evil,
          mainiacjoe_overflow_small_starburst, nicolae_uskayaw_suspiria
D:5:      layout_basic, mainiacjoe_overflow_catwalk, minmay_temple_entry_mist

Skill      XL: |  1  2  3  4  5  6  7 |
---------------+----------------------+-----
Stealth        | 3 4 5 |  5.1
Dodging        | 3 4 |  4.8
Conjurations   | 2 3 |  3.9
Spellcasting   | 4 5 |  5.4
Fire Magic     | 4 5 |  5.0

Action                     |  1- 3 |  4- 6 |  7- 9 || total
---------------------------+-------+-------+-------++-------
  Melee: Unarmed           |     2 |       |       ||     2
         Punch             |     1 |       |     1 ||     2
         Dagger            |       |       |   149 ||   149
         Staff             |       |       |    30 ||    30
   Cast: Foxfire           |   125 |   170 |   107 ||   402
         Scorch            |     3 |     7 |    19 ||    29
    Use: Scroll            |     2 |     4 |       ||     6
 Armour: Robe              |    10 |     6 |    68 ||    84
  Dodge: Dodged            |    22 |     5 |    99 ||   126
